 Dungeon Crawl Stone Soup version 0.30-a0-639-g3916f1956a (webtiles) character file.

Game seed: 1215086405969675024

504 berto the Trooper (level 6, -2/57 HPs)
             Began as a Minotaur Fighter on Jan 16, 2023.
             Slain by a gnoll sergeant
             ... wielding a +2 heavy spear
              (6 damage)
             ... on level 6 of the Dungeon.
             The game lasted 00:09:55 (4407 turns).

berto the Trooper (Minotaur Fighter)                Turns: 4407, Time: 00:09:56

Health: -2/57      AC:  6    Str: 21    XL:     6   Next: 96%
Magic:  5/5        EV: 10    Int:  7    God:
Gold:   80         SH:  5    Dex:  9    Spells: 5/5 levels left

rFire   . . .      SeeInvis +    y - +9 whip of the Ageless Cities {holy, Will+ SInv}
rCold   . . .      Faith    .    c - +0 buckler
rNeg    + . .      Spirit   .    k - +0 ring mail
rPois   .          Reflect  .    (helmet restricted)
rElec   .          Harm     .    (no cloak)
rCorr   .          Rampage  .    (no gloves)
Will    ++...                    (no boots) Stlth
                                 (no amulet)
HPRegen 0.29/turn                u - ring of willpower
MPRegen 0.09/turn                e - ring of positive energy

@: mighty
A: horns 2, retaliatory headbutt
a: no special abilities


You were on level 6 of the Dungeon.
You visited 1 branch of the dungeon, and saw 4 of its levels.

You collected 80 gold pieces.

Inventory:

Hand Weapons
 a - a +0 flail
 y - the +9 whip of the Ageless Cities (weapon) {holy, Will+ SInv}
   (You found it on level 2 of the Dungeon)

   SInv:      It lets you see invisible.
   Will:      It increases your willpower.
 B - a +1 short sword of distortion
 E - a +1 dagger of venom
Missiles
 C - 19 poisoned darts (quivered)
 D - 12 stones
 G - a throwing net
Armour
 b - a +0 scale mail
 c - a +0 buckler (worn)
 k - a +0 ring mail (worn)
Jewellery
 e - a ring of positive energy (right hand)
 u - a ring of willpower (left hand)
 z - a ring of ice
Wands
 l - a wand of digging (2)
 q - a wand of paralysis (15)
Scrolls
 f - 2 scrolls of teleportation {unknown}
 i - a scroll of poison {unknown}
 j - a scroll of immolation {unknown}
 m - a scroll of noise {unknown}
 o - a scroll of butterflies {unknown}
 t - a scroll of fog {unknown}
 w - 2 scrolls of enchant armour {unknown}
 x - 2 scrolls of identify {unknown}
 A - a scroll of blinking {unknown}
Potions
 g - a potion of haste {unknown}
 h - 2 potions of flight {unknown}
 n - a potion of resistance {unknown}
 p - 4 potions of heal wounds {unknown}
 r - a potion of degeneration {unknown}
 s - 4 potions of curing {unknown}
 v - a potion of attraction {unknown}
 F - a potion of brilliance {unknown}


   Skills:
 + Level 5.7 Fighting
 + Level 5.0 Maces & Flails
 + Level 5.7 Armour
 + Level 5.6 Shields


You had 5 spell levels left.
You didn't know any spells.
Your spell library contained the following spells:

 Spells                   Type           Power      Damage    Failure   Level
 Sting                    Tmut/Pois      0%         1d3       67%         1
 Poisonous Vapours        Pois/Air       0%         N/A       80%         2
 Olgreb's Toxic Radiance  Pois           0%         N/A       100%        4


Dungeon Overview and Level Annotations

Branches:
Dungeon (3/15)

Altars:


Innate Abilities, Weirdness & Mutations

You have a pair of horns on your head.
You reflexively headbutt those who attack you in melee.


Message History

You are poisoned.
The scorpion poisons you!
You hit the scorpion.
The scorpion is almost dead.
You feel very sick.
The scorpion stings you but does no damage.
You hit the scorpion.
You kill the scorpion!
You feel sick.
Your Maces & Flails skill increases to level 5!
No target in view!
You start resting.
You feel sick. x7
You are no longer poisoned.
You start resting.
HP restored.
A gnoll sergeant comes into view. It is wielding a +2 heavy spear.
The gnoll sergeant shouts!
The gnoll sergeant hits you from afar with a +2 heavy spear!
Items here: )) / ?.
A gnoll sergeant is nearby!
The gnoll sergeant hits you with a +2 heavy spear.
You hit the gnoll sergeant.
The gnoll sergeant is lightly wounded.
The gnoll closely misses you.
You hit the gnoll sergeant but do no damage.
The gnoll sergeant is lightly wounded.
The gnoll sergeant hits you with a +2 heavy spear.
You block the gnoll's attack.
You closely miss the gnoll sergeant.
The gnoll sergeant is lightly wounded.
The gnoll hits you from afar with a +0 halberd!
* * * LOW HITPOINT WARNING * * *
The gnoll sergeant hits you with a +2 heavy spear!
* * * LOW HITPOINT WARNING * * *
You feel very mighty all of a sudden. You block the gnoll's attack.
You barely miss the gnoll sergeant.
The gnoll sergeant is lightly wounded.
The gnoll sergeant hits you with a +2 heavy spear.
You die...

#.#.##.# #P.P#..# #.# ....##s#
##.###.# #.# #g#..gg## .# #.###.#
#.#### ..#.##..##..#
#.....######..... #...##.....#
####.............
#.#.##s###########...############
..#...g....(.g(g...### #
#.#.##.#########g.## ....##.#
##@## #.#.##.# #..# # #.##.# #.##
..# #.# ### #.# ############.#
.........>...# ##########)#.#
#.#.#


You could see a gnoll sergeant and a gnoll.

Vanquished Creatures
  A phantom (D:6)
  A kobold brigand (D:6)
  A scorpion (D:6)
  An orc priest (D:6)
  A hound (D:6)
  Natasha (thrice) (D:3)
  5 adders
  4 gnolls (D:6)
  A shadow imp (D:6)
  A white imp (D:6)
  An ufetubus (D:6)
  4 dart slugs
  4 bats
  4 endoplasms
  8 goblins
  5 hobgoblins
  5 quokkas
  6 ball pythons
  A frilled lizard (D:3)
  12 kobolds
  5 rats
74 creatures vanquished.

Notes
Turn   | Place    | Note
-------+----------+-------------------------------------------
     0 | D:1      | berto the Minotaur Fighter began the quest for the Orb.
     0 | D:1      | Reached XP level 1. HP: 19/19 MP: 0/0
   279 | D:1      | Reached XP level 2. HP: 27/27 MP: 1/1
  1018 | D:1      | Reached XP level 3. HP: 32/33 MP: 2/2
  1567 | D:2      | Identified the +9 whip of the Ageless Cities {holy, Will+
                  | SInv}
  2724 | D:3      | Reached XP level 4. HP: 41/41 MP: 3/3
  3290 | D:3      | Noticed Natasha
  3309 | D:3      | Killed Natasha
  3335 | D:3      | Noticed Natasha
  3349 | D:3      | Killed Natasha
  3350 | D:3      | Reached XP level 5. HP: 41/47 MP: 4/4
  3475 | D:3      | Noticed Natasha
  3482 | D:3      | Killed Natasha
  3642 | D:3      | You fall into a shaft and drop 3 floors!
  3700 | D:6      | Reached skill level 5 in Fighting
  3700 | D:6      | Reached skill level 5 in Armour
  3700 | D:6      | Reached skill level 5 in Shields
  3830 | D:6      | Noticed a phantom
  3851 | D:6      | Killed a phantom
  3852 | D:6      | Reached XP level 6. HP: 31/56 MP: 5/5
  4329 | D:6      | Reached skill level 5 in Maces & Flails
  4407 | D:6      | Slain by a gnoll sergeant

Illustrated notes

Levels and vault maps discovered:
D:1:      roderic_lyre, layout_loops_ring
D:2:      layout_basic
D:3:      layout_rooms, nemelex_diamond_rough_becter, uniq_natasha
D:6:      layout_rooms, dreamdust_princess_bridge, grunt_decor_mini_mirrors,
          minmay_large_rounded_square, minmay_diced_spiral

Skill      XL: |  1  2  3  4  5  6 |
---------------+-------------------+-----
Fighting       | 4 5 |  5.7
Shields        | 4 5 |  5.6
Armour         | 4 5 |  5.7
Maces & Flails | 3 4 5 |  5.0

Action                   |  1- 3 |  4- 6 || total
-------------------------+-------+-------++-------
Melee: Whip              |    79 |    69 ||   148
       Flail             |     5 |       ||     5
       Headbutt          |    13 |     7 ||    20
Throw: Stone             |       |     2 ||     2
       Dart              |       |     4 ||     4
  Use: Potion            |       |     2 ||     2
Armor: Scale mail        |     7 |       ||     7
       Ring mail         |    21 |    17 ||    38
Dodge: Dodged            |    33 |    26 ||    59
Block: Buckler           |    19 |     9 ||    28

Table legend: (Time is in decaauts)
 A = Elapsed time spent in this place.
 B = Non-inter-level travel time spent in this place.
 C = Inter-level travel time spent in this place.
 D = Time resting spent in this place.
 E = Time spent auto-exploring this place.
 F = Levels seen in this place.
 G = Mean time per level.
                   A        B        C        D        E       F      G
               +--------+--------+--------+--------+--------+-----+--------+
         Total |   4404 |   4227 |    177 |   1548 |   1798 |   4 | 1101.0 |
       Dungeon |   4404 |   4227 |    177 |   1548 |   1798 |   4 | 1101.0 |
               +--------+--------+--------+--------+--------+-----+--------+

Top non-repeatable levels by time:
     D:1: 1533 daAuts
     D:2: 1288 daAuts
     D:3: 820 daAuts
     D:6: 762 daAuts
